 Dungeon Crawl Stone Soup version 0.22.1-1-ga44c0e5 (webtiles) character file.

220194 Fang the Severer (level 19, -1/133 HPs)
             Began as a Gargoyle Berserker on Oct 31, 2018.
             Was the Champion of Trog.
             Blown up by an orb spider (36 damage)
             ... with an orb of destruction
             ... on level 3 of the Spider Nest.
             The game lasted 01:10:54 (37897 turns).

Fang the Severer (Gargoyle Berserker)              Turns: 37897, Time: 01:10:54

Health: -1/133     AC: 58    Str: 27 (28) XL:     19   Next: 17%
Magic:  29/29      EV: 15    Int: 17      God:    Trog [******]
Gold:   2965       SH:  0    Dex: 14 (15) Spells: 18/18 levels left

rFire    . . .     SeeInvis .   x - +0 war axe (flame)
rCold    + . .     Gourm    +   (no shield)
rNeg     + . .     Faith    .   z - +15 plate armour of Axtujoiz {*Contam rPois MR+ Dex+4}
rPois    ∞         Spirit   .   j - +3 hat of Pondering {ponderous, MR+ MP+10 Int+5}
rElec    +         Reflect  .   i - +1 cloak
rCorr    .         Harm     .   U - +2 pair of gloves
MR       ++++.     Rnd*Tele +   K - +1 pair of boots
Stlth    ..........             I - amulet of the gourmand
HPRegen  0.32/turn              r - +4 ring of evasion
MPRegen  0.21/turn              V - ring of Mafycuem {*Tele rC+ Int+3}

@: berserk cooldown, flying, slowed, very slow
A: big wings, talons 1, agile 1, blurry vision 1, magic resistance 1, negative
energy resistance 1, electricity resistance, unbreathing, petrification
resistance, rot immunity, subdued magic 1, MP-powered wands, AC +14
}: 1/15 runes: decaying
a: Stop Flying, Berserk, Trog's Hand, Brothers in Arms, Renounce Religion


You were on level 3 of the Spider Nest.
You worshipped Trog.
Trog was exalted by your worship.
You were very full.

You visited 8 branches of the dungeon, and saw 33 of its levels.
You also visited: Bailey.

You collected 3091 gold pieces.
You spent 126 gold pieces at shops.

Inventory:

Hand Weapons
 n - a +4 antimagic battleaxe
 p - the +1 broad axe "Deahiq" {drain, *Corrode +Rage +Inv rN++}
   (You found it on level 6 of the Lair of Beasts)

   A truly terrible weapon, it drains the life of those it strikes.
   It greatly protects you from negative energy.
   It lets you turn invisible.
   It lets you go berserk.
   It may corrode you when you take damage.
 x - a +0 war axe of flaming (weapon)
 E - a +3 war axe of chopping
 M - a +5 antimagic battleaxe
 R - a +2 battleaxe of electrocution
 S - a +1 battleaxe of freezing
Armour
 i - a +1 cloak (worn)
 j - the +3 hat of Pondering (worn) {ponderous, MR+ MP+10 Int+5}
   (You took it off Gastronok on level 8 of the Dungeon)

   It affects your intelligence (+5).
   It affects your resistance to hostile enchantments.
   It affects your magic capacity (+10).
 z - the +15 plate armour of Axtujoiz (worn) {*Contam rPois MR+ Dex+4}
   (You found it on level 14 of the Dungeon)

   It affects your dexterity (+4).
   It protects you from poison.
   It affects your resistance to hostile enchantments.
   It causes magical contamination when unequipped.
 K - a +1 pair of boots (worn)
 O - +1 ice dragon scales
 T - +0 steam dragon scales
 U - a +2 pair of gloves (worn)
Jewellery
 r - a +4 ring of evasion (left hand)
 y - an uncursed ring of resist corrosion
 I - an amulet of the gourmand (around neck)
 L - a +2 ring of protection
 V - the ring of Mafycuem (right hand) {*Tele rC+ Int+3}
   (You found it on level 4 of the Swamp)

   [ring of teleportation]

   It may teleport you next to monsters.
   It affects your intelligence (+3).
   It protects you from cold.
Wands
 f - a wand of iceblast (22)
 u - a wand of scattershot (12)
 F - a wand of flame (62)
 G - a wand of digging (11)
 H - a wand of polymorph (50)
 N - a wand of random effects (48)
Scrolls
 b - 3 scrolls of blinking
 e - 5 scrolls of magic mapping
 k - 7 scrolls of teleportation
 l - 7 scrolls of remove curse
 m - a scroll of vulnerability {unknown}
 o - a scroll of enchant armour
 q - 3 scrolls of fear
 A - 19 scrolls of identify
Potions
 a - 4 potions of brilliance
 d - 5 potions of magic
 g - 5 potions of resistance
 h - 6 potions of curing
 s - 3 potions of might
 t - 3 potions of haste
 v - 5 potions of berserk rage
 w - a potion of ambrosia
 B - 3 potions of cancellation
 J - 4 potions of agility
 Q - 4 potions of invisibility
Comestibles
 c - 46 rations


   Skills:
 + Level 19.3 Fighting
 + Level 20.3 Axes
 + Level 15.7 Armour
 + Level 6.1 Dodging
 + Level 2.6 Stealth


You had 18 spell levels left.
You didn't know any spells.
Your spell library was empty.

Dungeon Overview and Level Annotations

Branches:
Dungeon (15/15)            Temple (1/1) D:4            Lair (6/6) D:10
  Swamp (4/4) Lair:2       Spider (3/4) Lair:4        Slime (0/5) Lair:6
    Orc (2/2) D:12            Elf (0/3) Orc:2        Vaults (0/5) D:13
 Depths (1/5) D:15           Hell (1/1)
    Dis: Hell:1         Geh: Hell:1         Coc: Hell:1         Tar: Hell:1

Altars:
Fedhas
Gozag
Kikubaaqudgha
Nemelex Xobeh
Qazlal
Sif Muna
Uskayaw
Vehumet
Yredelemnul
Beogh
Jiyva

Shops:
D:4 %   D:6 (   Orc:1 !   Orc:2 ?}(:!   Depths:1 *

Portals:
Hell: Depths:1
Abyss: Depths:1

Annotations:
D:8 1 runed door, lansh's ghost, novice DsGl
Swamp:1 1 runed door, sand's ghost, adept GnSk
Spider:2 2 transporters, PixelatedCat's ghost, adept GrFi
Depths:1 1 exclusion
Hell Geryon


Innate Abilities, Weirdness & Mutations

You are resistant to torment.
Your stone body is resilient. (AC +14)
You are immune to poison.
Your large and strong wings let you fly indefinitely.
You resist negative energy. (rN+)
You are resistant to electric shocks. (rElec)
You can survive without breathing.
You are immune to petrification.
You are immune to rotting.
You have sharp toenails.
You are agile. (Dex +2)
Scrolls take you a little longer to read.
You are resistant to hostile enchantments. (MR+)
Your spells are a little easier to cast, but a little less powerful.
You expend magic power (3 MP) to strengthen your wands.


Message History

The orb spider weaves a glowing orb of energy.
An orb of destruction comes into view.
The orb spider weaves a glowing orb of energy.
The orb of destruction hits you!
* * * LOW HITPOINT WARNING * * *
Your cyclops hits the orb spider. The orb spider bites your cyclops.
You hear an angry hiss.
An orb of destruction comes into view.
Unknown command.
The orb of destruction hits you!
Your cyclops barely misses the orb spider.
The orb spider begins to weave its threads into a brightly glowing ball.
Your cyclops closely misses the orb spider.
Your cyclops closely misses the orb spider.
The orb spider spins a strand of pure energy.
Your cyclops hits the orb spider but does no damage.
The orb spider weaves a glowing orb of energy.
An orb of destruction comes into view.
The orb of destruction hits you!
You die...

#^...#.. ^..###...#
##≈##...##...###..#.#...#
#≈.......#....≈.†.#.......
#.†.###..##..#...# .. #
#######.s#.#..#.....###..#### ###
^....s.....#..##†..†..≈#≈#... #..
.....ss..^.....#.....#≈..##... ..
....>..#..#..........^#...#....
##≈#..≈#†.#.#.#.@#........#....##
.#.####.†^#####§s#..##.#.........
......†...#..s§..#.<.###...#.....
........###..[.s.#.....#.#.#.....
.....#^##.####...#.#...##≈≈##..##
#..####≈..^....C.###.....#≈....>#
.....#≈##^.....#..#.....#≈#......
≈#....#≈.....#.#..#.......#....##
....#.≈≈#.#.^###..#§...#..#..#...


You could see a wolf spider, 2 orb spiders and a friendly cyclops (berserk).

Vanquished Creatures
  Rupert (Lair:3)
  Gastronok (D:8)
  Agnes (D:15)
  A thorn hunter (Swamp:4)
  Kirke (Swamp:3)
  The ghost of listentometal the Scorcher, an adept OpFE of Vehumet (Spider:1)
  A fire giant (Depths:1)
  3 ghost moths
  An orc warlord (Orc:1)
  A frost giant (D:15)
  A very ugly thing (Swamp:2)
  An emperor scorpion (Spider:2)
  2 stone giants (Depths:1)
  Nessos (Orc:2)
  Azrael (D:13)
  3 spark wasps (Depths:1)
  An ettin (Depths:1)
  Erolcha (Orc:2)
  A fire dragon (Depths:1)
  A great orb of eyes (Depths:1)
  5 ogre magi
  Harold (Orc:1)
  A yaktaur captain (Depths:1)
  Fannar (Lair:3)
  A rakshasa (Depths:1)
  2 ghost crabs (Swamp:1)
  8 vault guards (D:13)
  25 hydras
  2 centaur warriors (D:15)
  A merfolk avatar (Lair:6)
  Erica (D:8)
  19 alligators
  A catoblepas (D:13)
  15 two-headed ogres
  2 deep troll shamans (Depths:1)
  A deep troll earth mage (Depths:1)
  7 death yaks (Lair:6)
  An orc high priest (Orc:2)
  2 tengu warriors
  A spriggan berserker (Swamp:4)
  Urug (Orc:2)
  Sonja (Orc:2)
  Nergalle (Orc:2)
  A sea snake (Lair:6)
  2 unseen horrors
  6 swamp dragons
  3 deep trolls (Depths:1)
  A spriggan druid (Swamp:4)
  3 orc knights
  A shambling mangrove (Swamp:3)
  Pikel (D:8)
  10 orb spiders
  A wolf spider zombie (D:15)
  22 wolf spiders
  A harpy (Lair:6)
  9 ugly things
  A deep elf mage (D:15)
  4 cyclopes
  9 orc sorcerers
  A manticore (Lair:3)
  12 elephants
  A centaur zombie (D:14)
  3 moths of wrath
  5 black mambas
  2 torpor snails
  3 kobold demonologists
  17 spiny frogs
  5 rime drakes
  4 demonic crawlers
  10 yaktaurs
  8 komodo dragons
  9 tyrant leeches
  11 hornets
  Prince Ribbit (D:5)
  14 jumping spiders
  5 polar bears (Lair:6)
  20 blink frogs (Lair:6)
  2 queen bees
  8 trolls
  A wind drake (Lair:6)
  13 hippogriffs
  10 bog bodies
  26 slime creatures
  Grinder (D:5)
  7 dream sheep (Lair:5)
  63 redbacks
  3 shadows
  Sigmund (D:6)
  6 wyverns
  2 spriggans
  3 fire elementals (D:13)
  2 wraiths
  14 tarantellas
  3 hogs (Swamp:3)
  2 vampires
  A hog (shapeshifter) (D:14)
  7 hungry ghosts
  6 basilisks
  21 vampire mosquitoes
  62 yaks
  A human (D:11)
  3 insubstantial wisps (Swamp:1)
  Menkaure (D:6)
  A steam dragon (Lair:5)
  13 swamp worms
  9 wargs
  Edmund (D:5)
  3 acid dragons
  21 water moccasins
  8 swamp drakes
  13 porcupines
  A black bear (D:7)
  A hell hound (D:13)
  A slave (D:8)
  A hornet zombie (D:15)
  3 sky beasts
  21 orc warriors
  5 phantoms
  5 ice beasts
  19 ogres
  2 necrophages
  5 wolves
  An eye of draining (D:11)
  9 centaurs
  14 crocodiles
  5 big kobolds
  Blork the orc (D:6)
  16 bullfrogs
  A wyvern zombie (D:14)
  10 scorpions
  49 killer bees
  2 vampire bats (Orc:1)
  A wight (D:6)
  11 electric eels
  4 howler monkeys
  3 crimson imps
  3 bullfrog zombies
  3 jellies
  A lava snake (Lair:3)
  2 bullfrog skeletons
  A gnoll shaman (D:9)
  6 hounds
  8 centaur skeletons
  11 orc priests
  36 orc wizards
  5 iguanas
  12 worker ants
  Terence (D:2)
  A hound zombie (D:6)
  22 gnolls
  16 adders
  2 shadow imps
  7 oozes
  2 adder zombies
  2 adder skeletons
  3 worms
  4 dart slugs
  5 leopard geckos
  81 orcs
  10 giant cockroaches
  8 goblins
  9 hobgoblins
  11 jackals
  7 quokkas
  A ball python (D:1)
  12 bats
  4 frilled lizards
  22 kobolds
  A leopard gecko skeleton (D:4)
  6 rats
  4 briar patches (Swamp:4)
  A bush (Lair:5)
  5 fungi
  6 plants
1201 creatures vanquished.

Vanquished Creatures (collateral kills)
  Saint Roka (Orc:2)
  Louise (Depths:1)
  A stone giant (Depths:1)
  An ettin (Depths:1)
  2 fire dragons (Depths:1)
  2 hydras (Swamp:4)
  An ice dragon (Depths:1)
  3 deep trolls (Depths:1)
  A sea snake (Lair:5)
  2 swamp dragons (Swamp:4)
  A shambling mangrove (Swamp:4)
  A spiny frog (Lair:5)
  A rime drake (Lair:6)
  A wind drake (Lair:6)
  A polar bear (Lair:6)
  2 blink frogs (Lair:6)
  A bog body (Swamp:4)
  A hornet (Swamp:4)
  A swamp drake (Swamp:4)
  A crocodile (Lair:5)
  3 wights (D:6)
  2 orc wizards
31 creatures vanquished.

Vanquished Creatures (others)
  3 yaks (D:13)
  An insubstantial wisp (Swamp:1)
  A slave (D:10)
  An adder (D:11)
  An orc (D:10)
  2 briar patches (Swamp:4)
  4 fungi
  14 plants
27 creatures vanquished.

Grand Total: 1259 creatures vanquished

Notes
Turn   | Place    | Note
-------+----------+-------------------------------------------
     0 | D:1      | Fang the Gargoyle Berserker began the quest for the Orb.
     0 | D:1      | Reached XP level 1. HP: 14/14 MP: 1/1
     1 | D:1      | Found a runed door.
    27 | D:1      | Reached skill level 3 in Axes
    27 | D:1      | Reached XP level 2. HP: 19/19 MP: 2/2
    36 | D:1      | Reached XP level 3. HP: 21/24 MP: 3/3
   556 | D:1      | Reached ** piety under Trog
   955 | D:1      | Reached XP level 4. HP: 27/29 MP: 4/4
  1221 | D:2      | Found a deep blue altar of Sif Muna.
  1398 | D:2      | Noticed Terence
  1422 | D:2      | Killed Terence
  1662 | D:2      | Reached skill level 4 in Axes
  1674 | D:2      | Reached XP level 5. HP: 24/33 MP: 5/5
  2586 | D:3      | Reached XP level 6. HP: 16/38 MP: 6/6
  3026 | D:3      | Found a blossoming altar of Fedhas.
  3028 | D:3      | Found an ancient bone altar of Kikubaaqudgha.
  3379 | D:4      | Reached *** piety under Trog
  3382 | D:4      | Reached skill level 5 in Axes
  3697 | D:4      | Reached XP level 7. HP: 40/44 MP: 7/7
  3732 | D:4      | Found Xiutwim's Food Shop.
  3788 | D:4      | Found an opulent altar of Gozag.
  3871 | D:4      | Found a staircase to the Ecumenical Temple.
  4117 | Temple   | Entered the Ecumenical Temple
  4143 | D:5      | Entered Level 5 of the Dungeon
  4318 | D:5      | Reached skill level 5 in Fighting
  4342 | D:5      | Found a basalt altar of Yredelemnul.
  4380 | D:5      | Noticed Edmund
  4394 | D:5      | Killed Edmund
  4394 | D:5      | Reached skill level 6 in Axes
  4558 | D:5      | Reached XP level 8. HP: 39/49 MP: 8/8
  4651 | D:5      | Noticed Prince Ribbit
  4775 | D:5      | Reached **** piety under Trog
  4849 | D:5      | Noticed Grinder
  4849 | D:5      | Paralysed by Grinder for 5 turns
  4857 | D:5      | Killed Grinder
  4940 | D:5      | Killed Prince Ribbit
  4940 | D:5      | Reached skill level 7 in Axes
  5335 | D:6      | HP: 2/51 [ice beast (7)]
  5338 | D:6      | Reached skill level 5 in Armour
  5338 | D:6      | Reached XP level 9. HP: 4/55 MP: 9/9
  5736 | D:6      | Reached skill level 8 in Axes
  5922 | D:6      | Noticed Sigmund
  5928 | D:6      | Killed Sigmund
  5940 | D:6      | Found Hueb's Antique Weapon Boutique.
  6319 | D:6      | Noticed Blork the orc
  6321 | D:6      | Noticed Menkaure
  6326 | D:6      | Killed Blork the orc
  6333 | D:6      | Killed Menkaure
  6333 | D:6      | Reached ***** piety under Trog
  6333 | D:6      | Reached skill level 1 in Stealth
  6619 | D:6      | Reached skill level 9 in Axes
  6860 | D:7      | Found a hide-covered altar of Uskayaw.
  7182 | D:7      | Reached XP level 10. HP: 32/63 MP: 10/10
  7844 | D:8      | Noticed Erica
  7879 | D:8      | Killed Erica
  7880 | D:8      | Paralysed by fainting for 6 turns
  8038 | D:8      | Reached skill level 10 in Axes
  8039 | D:8      | Gained mutation: You are resistant to hostile enchantments.
                  | (MR+) [potion of mutation]
  8039 | D:8      | Gained mutation: You expend magic power (3 MP) to
                  | strengthen your wands. [potion of mutation]
  8039 | D:8      | Gained mutation: You have sharp toenails. [potion of
                  | mutation]
  8274 | D:8      | Noticed Pikel
  8282 | D:8      | Killed Pikel
  8416 | D:8      | Noticed Gastronok
  8442 | D:8      | Killed Gastronok
  8442 | D:8      | Reached skill level 11 in Axes
  8442 | D:8      | Reached skill level 5 in Dodging
  8442 | D:8      | Reached XP level 11. HP: 11/69 MP: 11/11
  8850 | D:8      | Found a runed door.
  8850 | D:8      | Noticed lansh's ghost (novice DsGl)
  8953 | D:8      | Found a sparkling altar of Nemelex Xobeh.
 10333 | D:10     | Entered Level 10 of the Dungeon
 10513 | D:10     | Noticed an orc knight
 10525 | D:10     | Noticed a two-headed ogre
 10528 | D:10     | Reached skill level 12 in Axes
 10530 | D:10     | Killed an orc knight
 10540 | D:10     | Killed a two-headed ogre
 10638 | D:10     | Identified a scroll of acquirement
 10736 | D:10     | Found a staircase to the Lair.
 10873 | D:11     | Received a gift from Trog
 10923 | D:11     | Found a sparkling altar of Nemelex Xobeh.
 10975 | D:11     | Reached XP level 12. HP: 76/76 MP: 10/12
 11191 | D:11     | Reached skill level 13 in Axes
 11309 | D:11     | Found a blossoming altar of Fedhas.
 11337 | D:11     | Reached skill level 10 in Fighting
 11446 | Lair:1   | Entered Level 1 of the Lair of Beasts
 11987 | Lair:1   | Found a deep blue altar of Sif Muna.
 12399 | Lair:1   | You fall through a shaft!
 12568 | Lair:2   | Reached skill level 10 in Armour
 12717 | Lair:2   | Reached skill level 14 in Axes
 12858 | Lair:2   | Found a staircase to the Swamp.
 13699 | Swamp:1  | Entered Level 1 of the Swamp
 13741 | Lair:3   | Reached XP level 13. HP: 84/84 MP: 13/13
 13747 | Lair:3   | Received a gift from Trog
 13877 | Lair:3   | Noticed Fannar
 13890 | Lair:3   | Killed Fannar
 13979 | Lair:3   | Found a labyrinth entrance.
 14030 | Lair:3   | Noticed Rupert
 14060 | Lair:3   | Killed Rupert
 14531 | Lair:3   | Reached ****** piety under Trog
 14531 | Lair:3   | Reached skill level 15 in Axes
 14538 | Lair:3   | Received a gift from Trog
 15950 | Lair:4   | Gained mutation: Your large and strong wings let you fly
                  | indefinitely. [Gargoyle growth]
 15950 | Lair:4   | Reached XP level 14. HP: 92/92 MP: 7/14
 16042 | Lair:4   | Found a hole to the Spider Nest.
 16191 | Lair:4   | Identified the Incunabulum of Cold and Flames
 16524 | Lair:5   | Received a gift from Trog
 16563 | Lair:5   | Reached skill level 16 in Axes
 17407 | Lair:6   | Entered Level 6 of the Lair of Beasts
 18760 | Lair:6   | Got a polished broad axe
 18761 | Lair:6   | Identified the cursed +1 broad axe "Deahiq" {drain,
                  | *Corrode +Rage +Inv rN++} (You found it on level 6 of the
                  | Lair of Beasts)
 18913 | Lair:6   | Reached XP level 15. HP: 82/99 MP: 15/15
 19166 | Lair:6   | Found a runed door.
 19166 | Lair:6   | Found a viscous altar of Jiyva.
 19166 | Lair:6   | Found a staircase to the Slime Pits.
 19477 | D:12     | Reached skill level 17 in Axes
 19594 | D:12     | Found a staircase to the Orcish Mines.
 19727 | D:12     | Received a gift from Trog
 20649 | D:13     | Found a flagged portal.
 20753 | Bailey   | Entered a bailey
 21063 | D:13     | Found a gate to the Vaults.
 21143 | D:13     | Received a gift from Trog
 21274 | D:13     | Noticed Azrael
 21296 | D:13     | Killed Azrael
 22327 | D:14     | Got a faintly humming plate armour
 22338 | D:14     | Identified the +15 plate armour of Axtujoiz {*Contam rPois
                  | MR+ Dex+4} (You found it on level 14 of the Dungeon)
 22684 | D:14     | Found a stormy altar of Qazlal.
 23364 | D:15     | Entered Level 15 of the Dungeon
 23415 | D:15     | Found a staircase to the Depths.
 23415 | D:15     | Noticed a frost giant
 23425 | D:15     | Killed a frost giant
 23425 | D:15     | Reached skill level 15 in Fighting
 23425 | D:15     | Reached skill level 18 in Axes
 23425 | D:15     | Reached XP level 16. HP: 108/108 MP: 16/16
 23827 | D:15     | Noticed Agnes
 23840 | D:15     | Killed Agnes
 24073 | D:15     | Received a gift from Trog
 24388 | Depths:1 | Entered Level 1 of the Depths
 24545 | Depths:1 | Received a gift from Trog
 24700 | Depths:1 | Found a one-way gate to the infinite horrors of the Abyss.
 24707 | Depths:1 | Noticed Louise
 24731 | Depths:1 | Killed Louise
 24744 | Depths:1 | HP: 3/110 [ettin/dire flail (19)]
 25224 | Orc:1    | Entered Level 1 of the Orcish Mines
 25353 | Orc:1    | Noticed Harold
 25367 | Orc:1    | Killed Harold
 25637 | Orc:1    | Found Mibroun's Distillery.
 25828 | Orc:2    | Entered Level 2 of the Orcish Mines
 25848 | Orc:2    | Noticed Sonja
 25866 | Orc:2    | Killed Sonja
 25931 | Orc:2    | Found Zuits's Distillery.
 25944 | Orc:2    | Bought a potion of heal wounds for 70 gold pieces
 25967 | Orc:2    | Found a runed door.
 26012 | Orc:2    | Received a gift from Trog
 26013 | Orc:2    | Found Maerehog's Book Emporium.
 26050 | Orc:2    | Found Orghigya's Antique Weapon Shoppe.
 26073 | Orc:2    | Found an ancient bone altar of Kikubaaqudgha.
 26073 | Orc:2    | Noticed Nergalle
 26076 | Orc:2    | Noticed Saint Roka
 26090 | Orc:2    | Killed Nergalle
 26105 | Orc:2    | Found a roughly hewn altar of Beogh.
 26105 | Orc:2    | Found Sicec's Magic Scroll Emporium.
 26219 | Orc:2    | Killed Saint Roka
 26285 | Orc:2    | Noticed Erolcha
 26708 | Orc:2    | Killed Erolcha
 26730 | Orc:2    | Bought a scroll of magic mapping for 56 gold pieces
 26750 | Orc:2    | Found Yleyx's Gadget Shoppe.
 26791 | Orc:2    | Found a radiant altar of Vehumet.
 26928 | Orc:2    | Noticed Nessos
 26930 | Orc:2    | Noticed Urug
 26934 | Orc:2    | Received a gift from Trog
 26950 | Orc:2    | Killed Urug
 26950 | Orc:2    | Reached XP level 17. HP: 70/115 MP: 17/17
 27115 | Orc:2    | Killed Nessos
 27121 | Orc:2    | Found a staircase to the Elven Halls.
 27399 | Orc:2    | Found a roughly hewn altar of Beogh.
 28097 | Depths:1 | Reached skill level 19 in Axes
 29272 | Depths:1 | Found a gateway to Hell.
 29403 | Hell     | Entered the Vestibule of Hell
 29403 | Hell     | Noticed Geryon
 29517 | Depths:1 | Found Itasealag's Assorted Antiques.
 29694 | Swamp:1  | Received a gift from Trog
 30545 | Swamp:1  | Found a runed door.
 30547 | Swamp:1  | Noticed sand's ghost (adept GnSk)
 31989 | Swamp:3  | Noticed Kirke
 32028 | Swamp:3  | Killed Kirke
 32259 | Swamp:3  | Reached XP level 18. HP: 117/124 MP: 18/18
 32790 | Swamp:3  | Reached skill level 15 in Armour
 33167 | Swamp:4  | Entered Level 4 of the Swamp
 33332 | Swamp:4  | Received a gift from Trog
 33505 | Swamp:4  | Got a glittering gossamer ring
 33543 | Swamp:4  | Identified the ring of Mafycuem {*Tele rC+ Int+3} (You
                  | found it on level 4 of the Swamp)
 33576 | Swamp:4  | Received a gift from Trog
 33604 | Swamp:4  | Gained mutation: Scrolls take you a little longer to read.
                  | [mutagenic glow]
 33672 | Swamp:4  | Gained mutation: Your spells are a little easier to cast,
                  | but a little less powerful. [mutagenic glow]
 33702 | Swamp:4  | Gained mutation: You are agile. (Dex +2) [mutagenic glow]
 34065 | Swamp:4  | Got a decaying rune of Zot
 34850 | Spider:1 | Entered Level 1 of the Spider Nest
 35300 | Spider:1 | Reached skill level 20 in Axes
 35490 | Spider:1 | Found a runed gate.
 35490 | Spider:1 | Found a runed gate.
 35493 | Spider:1 | Found a runed gate.
 35496 | Spider:1 | Noticed listentometal's ghost (adept OpFE)
 35826 | Spider:1 | Killed listentometal's ghost
 36135 | Spider:2 | Received a gift from Trog
 36159 | Spider:2 | Noticed PixelatedCat's ghost (adept GrFi)
 36174 | Spider:2 | Found a transporter.
 36244 | Spider:2 | Found a transporter.
 36813 | Spider:3 | Reached XP level 19. HP: 132/132 MP: 19/19
 37897 | Spider:3 | Blown up by an orb spider

Skill      XL: |  1  2  3  4  5  6  7  8  9 10 11 12 13 14 15 16 17 18 |
---------------+-------------------------------------------------------+-----
Axes           | 3 4 5 6 7 9 11 12 14 15 16 18 19 20 | 20.3
Fighting       | 4 5 6 7 8 9 10 12 13 15 16 17 19 | 19.3
Dodging        | 2 3 4 5 6 |  6.1
Armour         | 3 4 5 6 7 8 10 11 12 13 14 15 | 15.7
Stealth        | 1 2 |  2.6

Action                   |  1- 3 |  4- 6 |  7- 9 | 10-12 | 13-15 | 16-18 | 19-21 || total
-------------------------+-------+-------+-------+-------+-------+-------+-------++-------
Melee: Hand axe          |   108 |   264 |   280 |       |       |       |       ||   652
       War axe           |       |       |   175 |   651 |   468 |   741 |   183 ||  2218
       Kick              |       |       |       |   111 |       |       |       ||   111
       Executioner's axe |       |       |       |       |   249 |       |       ||   249
       Broad axe         |       |       |       |       |   553 |   857 |       ||  1410
Invok: Berserk           |     1 |     3 |     8 |     6 |    10 |    14 |     2 ||    44
       Brothers in Arms  |       |       |     1 |       |     2 |     7 |     1 ||    11
 Abil: Fly               |       |       |       |       |     1 |       |       ||     1
  Use: Scroll            |       |       |       |    34 |    10 |     4 |     2 ||    50
       Potion            |       |       |       |     1 |       |     4 |     3 ||     8
 Stab: Distracted        |       |       |       |       |       |     1 |       ||     1
       Confused          |       |       |       |       |       |     1 |       ||     1
  Eat: Chunk             |     1 |    12 |    15 |    18 |    58 |    62 |     5 ||   171
       Ration            |       |       |     1 |     7 |       |       |       ||     8
Armor: Animal skin       |    49 |    29 |       |       |       |       |       ||    78
       Ring mail         |       |   117 |   161 |       |       |       |       ||   278
       Plate armour      |       |       |    67 |   520 |   965 |  1248 |   196 ||  2996
Dodge: Dodged            |    75 |   207 |   279 |   384 |   936 |  1161 |   149 ||  3191
